[Event "Titled Tuesday Blitz April 26 Early 2022"]
[White "Pham, Tran Gia Phuc"]
[Black "Lou, Yiping"]
[WhiteFideId "12415669"]
[BlackFideId "8603928"]
[WhiteElo "1789"]
[BlackElo "2412"]
[Result "0-1"]
[Round "02"]
[TimeControl "180+1"]
[Date "2022.04.26"]
[WhiteClock "0:00:08"]
[BlackClock "0:00:08"]

1. e4 c5 2. Nc3 Nc6 3. Bb5 Nd4 4. Nf3 e6 5. O-O Nf6 6. e5 Nxb5 7. Nxb5 Nd5 8. c4 Nc7 9. Nd6+ Bxd6 10. exd6 Na6 11. d4 b6 12. d5 O-O 13. dxe6 dxe6 14. Bf4 Bb7 15. Bg3 f6 16. Qa4 Nb4 17. a3 Nc6 18. b4 e5 19. bxc5 bxc5 20. Rab1 Qd7 21. Qb5 Rab8 22. Qxc5 Rfc8 23. Qd5+ Kh8 24. Qd2 Nd8 25. Rfc1 Ne6 26. Qa5 Bxf3 27. Rxb8 Rxb8 28. gxf3 Qxd6 29. Qxa7 Rc8 30. Qb7 Rb8 31. Qa7 Rc8 32. Kg2 h5 33. h4 Nd4 34. Qf7 Qxa3 35. Qxh5+ Kg8 36. Rd1 Qb3 37. Rc1 Qb7 38. c5 Qd5 39. Qg4 Rxc5 40. Rxc5 Qxc5 41. h5 Kf8 42. Qe4 Qc6 43. Qxc6 Nxc6 44. f4 e4 45. f5 Nd4 46. Bd6+ Kf7 47. Bf4 Nxf5 48. f3 Nh4+ 49. Kf2 Nxf3 50. Ke3 Ng5 51. Bxg5 fxg5 52. Kxe4 Kf6 53. Ke3 Kf5 54. Kf3 g4+ 55. Kg3 Kg5 0-1


[Site "https://www.chess.com"]

[Event "Titled Tuesday Blitz April 26 Early 2022"]
[White "Piesik, Piotr"]
[Black "Matveeva, Olga"]
[WhiteFideId "1136194"]
[BlackFideId "24107018"]
[WhiteElo "2190"]
[BlackElo "2083"]
[Result "0-1"]
[Round "02"]
[TimeControl "180+1"]
[Date "2022.04.26"]
[WhiteClock "0:02:01"]
[BlackClock "0:00:29"]

1. Nf3 Nf6 2. g3 e6 3. Bg2 d5 4. O-O Be7 5. d3 O-O 6. Nbd2 c5 7. e4 Nc6 8. Qe2 b5 9. e5 Nd7 10. c3 a5 11. Re1 b4 12. c4 Nb6 13. b3 a4 14. Bb2 a3 15. Bc1 Bb7 16. h4 dxc4 17. dxc4 Nd4 18. Nxd4 Bxg2 19. Nxe6 fxe6 20. Kxg2 Qd4 21. Rb1 Rad8 22. Nf3 Qd3 23. Qxd3 Rxd3 24. Be3 Rfd8 25. Re2 Rd1 26. Rxd1 Rxd1 27. Rd2 Rb1 28. h5 h6 29. Nh2 Rb2 30. f4 Nxc4 31. bxc4 b3 32. Kf3 bxa2 0-1


[Site "https://www.chess.com"]

[Event "Titled Tuesday Blitz April 26 Early 2022"]
[White "Pinheiro, Iung Alicio de O."]
[Black "Legenia, Artem"]
[WhiteFideId "2104350"]
[BlackFideId "14136945"]
[WhiteElo "2482"]
[BlackElo "1936"]
[Result "0-1"]
[Round "02"]
[TimeControl "180+1"]
[Date "2022.04.26"]
[WhiteClock "0:00:02"]
[BlackClock "0:00:23"]

1. c4 f5 2. g3 e6 3. Bg2 Nf6 4. d3 Bb4+ 5. Bd2 Bxd2+ 6. Qxd2 O-O 7. Nc3 Nc6 8. e4 fxe4 9. dxe4 d6 10. Nge2 e5 11. O-O Ne7 12. Rad1 Be6 13. b3 a6 14. Qe3 Qe8 15. h3 Qh5 16. g4 Qh4 17. f4 exf4 18. Rxf4 Ng6 19. Rf2 Ne5 20. Qg3 Qxg3 21. Nxg3 Nfd7 22. Nf5 g6 23. Ne7+ Kg7 24. Ned5 Rxf2 25. Kxf2 Rc8 26. Ke3 b6 27. g5 Bxd5 28. Nxd5 Nf8 29. Bf3 Ne6 30. h4 Rf8 31. Be2 a5 32. a3 h6 33. gxh6+ Kxh6 34. Rg1 Rf7 35. b4 axb4 36. axb4 c6 37. Nc3 Ra7 38. Rd1 Ra3 39. Kd2 Nd4 40. Bd3 Nef3+ 41. Kc1 Rxc3+ 42. Kb2 Rb3+ 43. Ka2 Rxb4 44. Rf1 Ra4+ 45. Kb2 Rb4+ 46. Ka2 Kg7 47. Rf2 Kf6 48. Rg2 Ne5 49. Rf2+ Ke6 50. Bf1 Nxc4 51. Bxc4+ Rxc4 52. Rf8 Nb5 53. Rg8 Kf7 54. Rc8 c5 55. Rb8 Rb4 56. Ka1 Nc3 0-1


[Site "https://www.chess.com"]

[Event "Titled Tuesday Blitz April 26 Early 2022"]
[White "Pourkashiyan, Atousa"]
[Black "Omariev, Maksim"]
[WhiteFideId "12502014"]
[BlackFideId "4193423"]
[WhiteElo "2247"]
[BlackElo "2502"]
[Result "1-0"]
[Round "02"]
[TimeControl "180+1"]
[Date "2022.04.26"]
[WhiteClock "0:00:21"]
[BlackClock "0:02:11"]

1. e4 h5 2. d4 h4 3. h3 c6 4. Nf3 d5 5. Nc3 dxe4 6. Nxe4 Bf5 7. Bd3 e6 8. Qe2 Be7 9. O-O Nd7 10. Bf4 Qa5 11. Nd6+ Bxd6 12. Bxd6 Bxd3 13. Qxd3 Qd5 14. Bh2 Ngf6 15. c4 Qe4 16. Rad1 Qxd3 17. Rxd3 Rg8 18. Ne5 g5 19. Nxd7 Kxd7 20. Be5 Ne8 21. d5 f6 22. dxe6+ Kxe6 23. Bc3 Ng7 24. Re1+ Kf5 25. Rf3+ Kg6 26. Rxf6+ Kh5 27. Re7 Rad8 28. Rff7 Ne8 29. Rxb7 Nd6 30. Rh7+ Kg6 31. Rxa7 Nxc4 32. a4 Rb8 33. Rhc7 Nxb2 34. Rxc6+ Kf5 35. Rc5+ Ke4 36. Bxb2 Rxb2 37. Re7+ Kd4 38. Rcc7 Rf8 39. f3 Ra8 40. Re4+ Kd3 41. Rg7 Ra5 42. Rd7+ Kc3 43. Kh2 Ra2 44. Rg7 R2xa4 45. Rxa4 Rxa4 46. Rxg5 Kd3 47. Rg4 Ra5 48. Rxh4 Ke3 49. Re4+ Kd3 50. h4 1-0


[Site "https://www.chess.com"]

[Event "Titled Tuesday Blitz April 26 Early 2022"]
[White "Pranav, V"]
[Black "Ezat, Mohamed"]
[WhiteFideId "25060783"]
[BlackFideId "10600906"]
[WhiteElo "2349"]
[BlackElo "2386"]
[Result "1-0"]
[Round "02"]
[TimeControl "180+1"]
[Date "2022.04.26"]
[WhiteClock "0:00:18"]
[BlackClock "0:00:33"]

1. Nf3 Nf6 2. g3 g6 3. Bg2 Bg7 4. O-O O-O 5. d3 d6 6. Nbd2 Nc6 7. e4 e5 8. Re1 Re8 9. c3 h6 10. a4 a5 11. Nc4 b6 12. d4 Ba6 13. b3 exd4 14. Nxd4 Ne5 15. Nxe5 dxe5 16. Nb5 Bxb5 17. axb5 Qxd1 18. Rxd1 Red8 19. Re1 Nd7 20. Be3 Nc5 21. Bxc5 bxc5 22. Bf1 h5 23. Bc4 Bh6 24. Red1 Kf8 25. Rd5 Rxd5 26. Bxd5 Ra7 27. Ra2 Ke7 28. Kf1 Bg5 29. Ke2 h4 30. Kd3 hxg3 31. hxg3 f5 32. Kc4 Kd6 33. Ra1 f4 34. Bc6 Be7 35. Bd5 Kd7 36. gxf4 exf4 37. e5 Bh4 38. f3 g5 39. Kxc5 Bf2+ 40. Kc4 Ke7 41. Rh1 Bh4 42. Kc5 a4 43. b4 a3 44. Kc6 a2 45. Ra1 Be1 46. Rxe1 a1=Q 47. Rxa1 Rxa1 48. Kxc7 Rd1 49. c4 g4 50. fxg4 Rxd5 51. cxd5 f3 52. d6+ Kf7 53. d7 f2 54. d8=Q f1=Q 55. Qf6+ Qxf6 56. exf6 1-0


[Site "https://www.chess.com"]

[Event "Titled Tuesday Blitz April 26 Early 2022"]
[White "Prieto Aranguren, Alain"]
[Black "Buscar, Michael"]
[WhiteFideId "2268906"]
[BlackFideId "2603616"]
[WhiteElo "2235"]
[BlackElo "2010"]
[Result "1-0"]
[Round "02"]
[TimeControl "180+1"]
[Date "2022.04.26"]
[WhiteClock "0:00:03"]
[BlackClock "0:00:01"]

1. d4 d5 2. Bg5 Nf6 3. Nd2 e6 4. e3 Be7 5. Bd3 Nbd7 6. Ngf3 c5 7. c3 b6 8. O-O a5 9. Re1 Ba6 10. Bc2 b5 11. e4 dxe4 12. Nxe4 cxd4 13. Nxd4 Qc7 14. a4 b4 15. cxb4 axb4 16. Rc1 Qb6 17. Be3 Qb7 18. Bf4 O-O 19. Nd6 Qd5 20. N4b5 Rac8 21. Nxc8 Rxc8 22. Qxd5 Nxd5 23. Bg3 Nc5 24. Rcd1 b3 25. Bb1 Nxa4 26. Nd6 Rc6 27. Rxd5 exd5 28. Bf4 g5 29. Nf5 Bf8 30. Be5 Re6 31. Nd4 Re8 32. Bf5 f6 33. Be6+ Kg7 34. Bg3 Nxb2 35. h4 Bd3 36. hxg5 fxg5 37. Be5+ Kh6 38. Re3 g4 39. Bxg4 Nc4 40. Rh3+ Kg5 41. Bf3 1-0


[Site "https://www.chess.com"]

[Event "Titled Tuesday Blitz April 26 Early 2022"]
[White "Rengifo Blancas, Renzo Jhonathan"]
[Black "Abarca Gonzalez, Nicolas"]
[WhiteFideId "3807185"]
[BlackFideId "3409422"]
[WhiteElo "2058"]
[BlackElo "2504"]
[Result "0-1"]
[Round "02"]
[TimeControl "180+1"]
[Date "2022.04.26"]
[WhiteClock "0:00:03"]
[BlackClock "0:01:15"]

1. e4 c5 2. c3 Nf6 3. e5 Nd5 4. d4 cxd4 5. Nf3 Nc6 6. cxd4 g6 7. Bc4 Nb6 8. Bb3 Bg7 9. O-O O-O 10. Nc3 d6 11. Bf4 Bg4 12. exd6 Nxd4 13. h3 Bxf3 14. gxf3 exd6 15. Be3 Nf5 16. Nd5 Nxd5 17. Qxd5 Qh4 18. Kg2 Rae8 19. Rae1 Re5 20. Qc4 Nxe3+ 21. Rxe3 Rg5+ 22. Kh2 Be5+ 23. Rxe5 Qxc4 24. Bxc4 Rxe5 25. Rd1 Rd8 26. Bd5 Kf8 27. Rd2 b6 28. Kg3 Ke7 29. f4 Re1 30. Rc2 Rd1 31. Bb3 Rd3+ 32. f3 d5 33. Ba4 d4 34. Rc7+ Kd6 35. Rxa7 Rd2 36. Bb3 Rxb2 37. Rxf7 d3 38. Rf6+ Kc5 0-1


[Site "https://www.chess.com"]

[Event "Titled Tuesday Blitz April 26 Early 2022"]
[White "Reprintsev, Alexander"]
[Black "Daneshvar, Bardiya"]
[WhiteFideId "14100541"]
[BlackFideId "12576468"]
[WhiteElo "2108"]
[BlackElo "2330"]
[Result "1-0"]
[Round "02"]
[TimeControl "180+1"]
[Date "2022.04.26"]
[WhiteClock "0:00:03"]
[BlackClock "0:00:04"]

1. e4 Nf6 2. e5 Nd5 3. c4 Nb6 4. Nc3 d6 5. exd6 cxd6 6. d4 g6 7. Nf3 Bg7 8. h3 O-O 9. Be2 Nc6 10. O-O Bf5 11. Be3 Rc8 12. Rc1 d5 13. c5 Nc4 14. Bxc4 dxc4 15. Qa4 Nxd4 16. Bxd4 Bxd4 17. Nxd4 Qxd4 18. Qxa7 Qxc5 19. Qxb7 Rb8 20. Qd5 Qc7 21. a4 Bd3 22. Rfe1 Rxb2 23. Nb5 Qb6 24. Re3 e6 25. Qe5 Ra2 26. Nc3 Ra3 27. Ne4 Qb8 28. Nf6+ Kh8 29. Qc5 Kg7 30. Nd7 Qc8 31. Qd4+ Kg8 32. Nf6+ Kh8 33. Nh5+ e5 34. Qxe5+ f6 35. Nxf6 Qf5 36. Qxf5 gxf5 37. Nd7 Rd8 38. Ne5 Rd4 39. Nxc4 Ra2 40. Ne5 Bc2 41. Kh2 Rdxa4 42. Rc3 Be4 43. Rc8+ Kg7 44. R1c7+ Kf6 45. Nd7+ Kg5 46. Nc5 Ra7 47. Rg8+ Kh6 48. Rxa7 Rxa7 49. Nxe4 fxe4 50. Re8 Ra4 51. Kg3 Kg5 52. Re5+ Kf6 53. Rh5 Kg6 54. Rd5 Kf6 55. Kf4 Ra2 56. Ke3 Ke6 57. Rh5 Ra7 58. Kxe4 Kf6 59. Kf3 Kg6 60. Rb5 Ra3+ 61. Kg4 h5+ 62. Kh4 Ra2 63. Kg3 h4+ 64. Kxh4 Rxf2 65. Rb6+ Kg7 66. g4 Ra2 67. Kh5 Ra5+ 68. g5 Ra3 69. h4 Ra7 70. Rh6 Rb7 71. Rg6+ Kh7 72. Ra6 Rc7 73. Ra4 Kg7 74. Kg4 Rb7 75. h5 Rc7 76. Rf4 Ra7 77. h6+ Kh7 78. Kh5 Ra5 79. Rf7+ Kg8 80. Rb7 Kh8 81. Kg6 Ra6+ 82. Kf7 Kh7 83. Kf8+ Kh8 84. Re7 Rg6 85. Re5 Kh7 86. Kf7 Ra6 87. Re6 Ra7+ 88. Kf6 Ra1 89. Re7+ Kh8 90. Rf7 Ra6+ 91. Kf5 Kg8 92. Re7 Ra5+ 93. Kg6 Ra6+ 94. Kh5 Rb6 95. Rd7 Rb5 96. Kg6 Rb6+ 97. Kf5 Rb5+ 98. Kf6 Rb6+ 99. Ke5 Kh8 100. Rf7 Kg8 101. Rf6 Rb5+ 102. Kf4 Kh7 103. Kg4 Rb1 104. Rf7+ Kg8 105. Rc7 Rh1 106. Kf5 Ra1 107. g6 Ra5+ 108. Ke4 Ra8 109. Rg7+ Kh8 110. Re7 Rg8 111. Rh7# 1-0


[Site "https://www.chess.com"]

[Event "Titled Tuesday Blitz April 26 Early 2022"]
[White "Richter, Nils"]
[Black "Unver, Cumali"]
[WhiteFideId "12990809"]
[BlackFideId "6304940"]
[WhiteElo "2243"]
[BlackElo "2013"]
[Result "1-0"]
[Round "02"]
[TimeControl "180+1"]
[Date "2022.04.26"]
[WhiteClock "0:01:26"]
[BlackClock "0:00:05"]

1. d4 Nf6 2. c4 e6 3. Nf3 d5 4. e3 Be7 5. b3 O-O 6. Bd3 Nbd7 7. O-O b6 8. cxd5 exd5 9. Ba3 Bxa3 10. Nxa3 c6 11. Nb1 Bb7 12. Nbd2 Re8 13. Qc2 h6 14. b4 Rc8 15. a4 Qe7 16. Rfb1 Qd6 17. a5 b5 18. a6 Ba8 19. Nb3 Ne4 20. Nc5 Nexc5 21. dxc5 Qc7 22. Bf5 Rcd8 23. Bxd7 Rxd7 24. Nd4 Re5 25. Qe2 Rde7 26. Qg4 Rg5 27. Qf4 Rge5 28. h3 g5 29. Qf3 Qd7 30. Re1 f5 31. Qh5 Kg7 32. g4 fxg4 33. Qxg4 R7e6 34. Nxe6+ Rxe6 35. Rad1 Kg6 36. e4 h5 37. Qf5+ Kh6 38. Qf8+ Kh7 39. Qxa8 Re7 40. Re3 d4 41. Qf8 Qe6 42. Rxd4 Rf7 43. Qd6 1-0


[Site "https://www.chess.com"]

[Event "Titled Tuesday Blitz April 26 Early 2022"]
[White "Riehle, Marco"]
[Black "Makarian, Rudik"]
[WhiteFideId "12904392"]
[BlackFideId "44105681"]
[WhiteElo "2539"]
[BlackElo "2833"]
[Result "1-0"]
[Round "02"]
[TimeControl "180+1"]
[Date "2022.04.26"]
[WhiteClock "0:00:37"]
[BlackClock "0:00:01"]

1. e4 c5 2. a3 g6 3. h4 h6 4. h5 g5 5. Nc3 Nc6 6. Bc4 e6 7. d3 Nf6 8. f4 gxf4 9. Bxf4 d5 10. Ba2 Bd6 11. Qd2 d4 12. Nce2 Ng4 13. O-O-O e5 14. Bg3 Ne3 15. Re1 Be6 16. Bxe6 fxe6 17. Nf3 Rg8 18. Bh4 Be7 19. Nc3 Rxg2 20. Re2 dxc3 21. Qxe3 cxb2+ 22. Kb1 Rxe2 23. Qxe2 Qa5 24. Kxb2 Bxh4 25. Rxh4 O-O-O 26. Rg4 Nd4 27. Nxd4 cxd4 28. Rg6 Qc3+ 29. Ka2 Rd6 30. Rg8+ Kc7 31. Rg7+ Kb6 32. Rg1 Ka6 33. Rb1 Rb6 34. Rb3 Rxb3 35. cxb3 Kb6 36. Qd1 a5 37. Qe2 Kc5 38. Qd1 Kd6 39. Qe2 b5 40. Qd1 Kd7 41. Qe2 a4 42. Qd1 axb3+ 43. Qxb3 Qd2+ 44. Ka1 Qc1+ 45. Ka2 Qd2+ 46. Kb1 Qe1+ 47. Kb2 Qe2+ 48. Qc2 Qxh5 49. Qg2 Qg5 50. Qf2 Qf4 51. Qg2 Kd6 52. Kb3 Qe3 53. Qc2 h5 54. Kb4 Ke7 55. Kxb5 h4 56. a4 h3 57. a5 Qg3 58. a6 h2 59. a7 h1=Q 60. a8=Q Kf6 61. Qf8+ Kg5 62. Qg7+ Kf4 63. Qf6+ Ke3 64. Qxe6 Qh8 65. Qc1+ Ke2 66. Qa2+ Kf3 67. Qd1+ Kf4 68. Qad2+ Qe3 69. Qf1+ 1-0


[Site "https://www.chess.com"]

[Event "Titled Tuesday Blitz April 26 Early 2022"]
[White "Rom, Jasper"]
[Black "Jakubowski, Krzysztof"]
[WhiteFideId "2023733"]
[BlackFideId "1112848"]
[WhiteElo "2233"]
[BlackElo "2365"]
[Result "0-1"]
[Round "02"]
[TimeControl "180+1"]
[Date "2022.04.26"]
[WhiteClock "0:00:13"]
[BlackClock "0:00:59"]

1. e4 c5 2. Nc3 e6 3. f4 Nc6 4. Nf3 a6 5. g3 b5 6. Bg2 Bb7 7. O-O d6 8. d3 Nf6 9. h3 Be7 10. g4 Qc7 11. f5 h6 12. fxe6 fxe6 13. Ne2 g5 14. Ng3 O-O-O 15. Qe2 h5 16. Nxg5 Nd4 17. Qd1 hxg4 18. c3 gxh3 19. Bxh3 Rxh3 20. Nxh3 Rg8 21. Kg2 Nf5 22. Bf4 Nxg3 23. Bxg3 d5 24. e5 Qxe5 25. Qe1 d4+ 26. Kh2 Ng4+ 27. Kg1 Ne3 28. Kh2 Nxf1+ 0-1


[Site "https://www.chess.com"]

[Event "Titled Tuesday Blitz April 26 Early 2022"]
[White "Ronka, Erik"]
[Black "Jones, Daniel"]
[WhiteFideId "505080"]
[BlackFideId "2019655"]
[WhiteElo "2264"]
[BlackElo "2339"]
[Result "1-0"]
[Round "02"]
[TimeControl "180+1"]
[Date "2022.04.26"]
[WhiteClock "0:00:08"]
[BlackClock "0:00:27"]

1. e4 e5 2. Nf3 f5 3. Nxe5 Qf6 4. d4 d6 5. Nc4 fxe4 6. Nc3 Qg6 7. f3 exf3 8. Qxf3 Nf6 9. Bd3 Qf7 10. O-O Nc6 11. Bg5 Be7 12. d5 Nb4 13. Bf5 Bxf5 14. Qxf5 Nbxd5 15. Nxd5 Qxd5 16. Ne3 Qxf5 17. Nxf5 Kd7 18. Nxg7 Ne4 19. Bxe7 Kxe7 20. Rae1 d5 21. c4 c6 22. cxd5 cxd5 23. Nf5+ Ke6 24. Ng3 Ke5 25. Rf5+ Ke6 26. Rh5 Rac8 27. Nxe4 dxe4 28. Rxe4+ Kf6 29. Re2 Kg6 30. Rhe5 Rhf8 31. h3 Rc1+ 32. Kh2 Rf6 33. Re6 Rc7 34. Rxf6+ Kxf6 35. g4 Rd7 36. Kg3 h5 37. Kf4 Rd4+ 38. Re4 Rd2 39. g5+ Kf7 40. Rb4 b6 41. h4 Kg6 42. b3 Rxa2 43. Rc4 Rh2 44. Rc6+ Kf7 45. g6+ Kg7 46. Kg5 Rg2+ 47. Kxh5 Rg3 48. Rc7+ Kf6 49. Rf7+ Ke6 50. Rf2 a5 51. Kh6 b5 52. g7 Ke7 53. Kh7 Rg4 54. h5 Kd6 55. h6 Kc5 56. g8=Q Rxg8 57. Kxg8 b4 58. h7 1-0


[Site "https://www.chess.com"]

[Event "Titled Tuesday Blitz April 26 Early 2022"]
[White "Rosenberg, Evan S"]
[Black "Martin Carmona, Gaston Manuel"]
[WhiteFideId "2019299"]
[BlackFideId "22284567"]
[WhiteElo "2351"]
[BlackElo "2146"]
[Result "0-1"]
[Round "02"]
[TimeControl "180+1"]
[Date "2022.04.26"]
[WhiteClock "0:00:01"]
[BlackClock "0:01:09"]

1. Nf3 Nf6 2. c4 g6 3. Nc3 Bg7 4. e4 d6 5. d4 O-O 6. h3 e5 7. dxe5 dxe5 8. Qxd8 Rxd8 9. Bg5 Na6 10. Nd5 Rd6 11. Bxf6 Bxf6 12. b4 c6 13. c5 Rxd5 14. exd5 e4 15. Bxa6 bxa6 16. O-O-O exf3 17. dxc6 fxg2 18. Rh2 Bf5 19. Rxg2 Rc8 20. Rd6 Be7 21. Rd4 Rxc6 22. f3 a5 23. a3 axb4 24. axb4 a5 25. Rd5 Bxh3 26. Re2 Be6 27. b5 Rc8 28. Rde5 Bf6 29. Rxe6 Rxc5+ 30. Kb1 Rxb5+ 31. Ka2 fxe6 32. Rxe6 Kf7 33. Ra6 h5 34. Ka3 h4 35. Ka4 Rf5 36. Ra7+ Be7 0-1


[Site "https://www.chess.com"]

[Event "Titled Tuesday Blitz April 26 Early 2022"]
[White "Rustemov, Alexander"]
[Black "Barria Zuniga, Daniel"]
[WhiteFideId "4119002"]
[BlackFideId "3400816"]
[WhiteElo "2851"]
[BlackElo "2414"]
[Result "1-0"]
[Round "02"]
[TimeControl "180+1"]
[Date "2022.04.26"]
[WhiteClock "0:01:50"]
[BlackClock "0:01:41"]

1. d4 g6 2. c4 Bg7 3. Nf3 c5 4. d5 e6 5. Nc3 exd5 6. cxd5 d6 7. h3 a6 8. a4 Ne7 9. e4 O-O 10. Bd3 f5 11. exf5 Nxf5 12. O-O Nd4 13. Nxd4 Bxd4 14. Bh6 Rxf2 15. Rxf2 Bxf2+ 16. Kxf2 Qh4+ 17. Kg1 Qxh6 18. Qe2 Nd7 19. Qe6+ Kh8 20. Rf1 Ne5 21. Qf6+ Kg8 22. Qd8+ Kg7 23. Qf8# 1-0


[Site "https://www.chess.com"]

[Event "Titled Tuesday Blitz April 26 Early 2022"]
[White "Sailer, Mike"]
[Black "Zlatin, Alexander"]
[WhiteFideId "2012901"]
[BlackFideId "2810549"]
[WhiteElo "2109"]
[BlackElo "2228"]
[Result "0-1"]
[Round "02"]
[TimeControl "180+1"]
[Date "2022.04.26"]
[WhiteClock "0:00:02"]
[BlackClock "0:00:16"]

1. Nf3 d5 2. d4 Nf6 3. Bf4 e6 4. e3 Bd6 5. Bg3 c5 6. Nc3 a6 7. Be2 Nc6 8. a3 O-O 9. dxc5 Bxc5 10. O-O b5 11. Nd4 Nxd4 12. exd4 Bd6 13. Bxd6 Qxd6 14. Bd3 Bb7 15. Ne2 e5 16. dxe5 Qxe5 17. c3 Rfe8 18. Nd4 Rad8 19. h3 g6 20. Qd2 Ne4 21. Qh6 Qg7 22. Qf4 Nc5 23. Bc2 Ne6 24. Qd2 Nxd4 25. Qxd4 Qxd4 26. cxd4 Re2 27. Rac1 Rc8 28. Bd3 Rxb2 29. Rxc8+ Bxc8 30. Rc1 Be6 31. Rc3 Kg7 32. g4 Kf6 33. Kg2 h6 34. Rc6 Rb3 35. Be2 Rxa3 36. f4 Ra2 37. Kf1 b4 38. Bxa6 b3 39. Rb6 b2 40. Bd3 Kg7 41. Ke2 h5 42. Kd1 hxg4 43. hxg4 Bxg4+ 44. Kc2 Bf5 45. Bxf5 gxf5 46. Rxb2 Rxb2+ 47. Kxb2 Kh6 48. Kb3 Kh5 49. Kb4 Kg4 50. Kc5 Kxf4 51. Kxd5 Ke3 52. Kc5 f4 53. d5 f3 54. d6 f2 55. d7 f1=Q 56. d8=Q Qf5+ 57. Kc4 Qe4+ 58. Kc5 f5 59. Qg5+ Ke2 60. Qh5+ Kd2 61. Qh2+ Kd3 62. Qg1 Qe3+ 0-1


[Site "https://www.chess.com"]

[Event "Titled Tuesday Blitz April 26 Early 2022"]
[White "Samunenkov, Ihor"]
[Black "Srebrnic, Marko"]
[WhiteFideId "14187086"]
[BlackFideId "14603616"]
[WhiteElo "2409"]
[BlackElo "2340"]
[Result "1-0"]
[Round "02"]
[TimeControl "180+1"]
[Date "2022.04.26"]
[WhiteClock "0:00:05"]
[BlackClock "0:00:19"]

1. d4 Nf6 2. c4 g6 3. Nc3 Bg7 4. e4 d6 5. h3 O-O 6. Bg5 c6 7. Nf3 Qa5 8. Qd2 e5 9. Be2 exd4 10. Nxd4 Re8 11. f3 Nxe4 12. Nxe4 Qxd2+ 13. Kxd2 Bxd4 14. Nxd6 Rf8 15. Be7 Be6 16. Bxf8 Kxf8 17. Nxb7 Na6 18. c5 Nc7 19. Na5 Bxc5 20. Nxc6 Bd5 21. Rac1 Bd6 22. Rc2 Bf4+ 23. Kd1 Ne6 24. Bc4 Bxc6 25. Bxe6 Bxf3+ 26. gxf3 fxe6 27. Ke2 Kf7 28. Rd1 Kf6 29. Rd7 h5 30. b4 a6 31. a4 Rb8 32. Rb2 Be5 33. Rb3 Rc8 34. Kd1 Bf4 35. b5 axb5 36. axb5 Rc1+ 37. Ke2 Rc2+ 38. Ke1 Rc1+ 39. Rd1 Rc2 40. b6 Bg3+ 41. Kf1 Rh2 42. b7 Bb8 43. Rd8 Ba7 44. b8=Q Rf2+ 45. Ke1 Bxb8 46. Kxf2 Bc7 47. Rdd3 Be5 48. Kg2 h4 49. Re3 Bf4 50. Re2 e5 51. Rb5 Kf5 52. Re4 g5 53. Kf1 Kf6 54. Ke2 Kf5 55. Kd3 Bg3 56. Kc4 Bf4 57. Kd5 g4 58. hxg4+ Kg5 59. Rb1 h3 60. Rh1 Kh4 61. Rxe5 Kg3 62. Rh5 Kf2 63. g5 Ke3 64. g6 h2 65. g7 1-0


[Site "https://www.chess.com"]

[Event "Titled Tuesday Blitz April 26 Early 2022"]
[White "Sanchez Alvares, Kelvin Antonio"]
[Black "Butti, Enrique"]
[WhiteFideId "3906680"]
[BlackFideId "3700470"]
[WhiteElo "2193"]
[BlackElo "2080"]
[Result "1-0"]
[Round "02"]
[TimeControl "180+1"]
[Date "2022.04.26"]
[WhiteClock "0:00:55"]
[BlackClock "0:01:06"]

1. e4 c5 2. Nf3 d6 3. d4 cxd4 4. Nxd4 Nf6 5. Nc3 a6 6. f3 Nc6 7. Be3 Nxd4 8. Qxd4 e5 9. Qd2 Be6 10. g4 h6 11. O-O-O Rc8 12. Kb1 Qa5 13. Nd5 Qxd2 14. Rxd2 Bxd5 15. exd5 Be7 16. c4 Nd7 17. h4 Bd8 18. Rd1 Bb6 19. Bc1 Bd4 20. b4 a5 21. bxa5 Ra8 22. Bd2 Nc5 23. Kc2 O-O 24. Rb1 Ra7 25. Rb5 f5 26. g5 f4 27. gxh6 gxh6 28. Bh3 e4 29. fxe4 Nxe4 30. Be6+ Kh7 31. Rhb1 Nc5 32. Rf1 f3 33. Bg4 f2 34. Be2 Kh8 35. Bxh6 Rg8 36. Bg5 Ne4 37. Kd3 Nxg5 38. Kxd4 Nh3 39. Rb3 1-0


[Site "https://www.chess.com"]

[Event "Titled Tuesday Blitz April 26 Early 2022"]
[White "Sargissyan, Sargis"]
[Black "Simonovic, Miroslav"]
[WhiteFideId "13303210"]
[BlackFideId "919152"]
[WhiteElo "2174"]
[BlackElo "2043"]
[Result "1-0"]
[Round "02"]
[TimeControl "180+1"]
[Date "2022.04.26"]
[WhiteClock "0:01:11"]
[BlackClock "0:00:53"]

1. e4 c5 2. Nf3 Nc6 3. d4 cxd4 4. Nxd4 e5 5. Nb5 d6 6. c4 Be7 7. N1c3 Be6 8. Nd5 Bxd5 9. cxd5 Qa5+ 10. Bd2 Qb6 11. dxc6 bxc6 12. Be3 c5 13. Qd2 Nf6 14. Nc3 O-O 15. Bc4 Ng4 16. Nd5 Qb7 17. O-O Nxe3 18. Nxe7+ Qxe7 19. fxe3 Kh8 20. Rf3 f6 21. Raf1 g5 22. h4 h6 23. hxg5 hxg5 24. Rh3+ Kg7 25. Qe2 Rh8 26. Qg4 Rxh3 27. Qxh3 Rh8 28. Qe6 Qxe6 29. Bxe6 Rb8 30. b3 a5 31. Rd1 Rb6 32. Kf2 Kf8 33. Kf3 Ke7 34. Bc4 Rb4 35. Rh1 a4 36. Rh7+ Ke8 37. Kg4 axb3 38. axb3 Rb6 39. Kf5 Kd8 40. Bd5 Ra6 41. Ke6 Ra2 42. Kxd6 Kc8 43. Rh8# 1-0


[Site "https://www.chess.com"]

[Event "Titled Tuesday Blitz April 26 Early 2022"]
[White "Sargsyan, Anna M."]
[Black "Lazavik, Denis"]
[WhiteFideId "13308130"]
[BlackFideId "13515110"]
[WhiteElo "2271"]
[BlackElo "2437"]
[Result "0-1"]
[Round "02"]
[TimeControl "180+1"]
[Date "2022.04.26"]
[WhiteClock "0:00:11"]
[BlackClock "0:00:10"]

1. d4 f5 2. c4 Nf6 3. Nc3 d6 4. Qc2 g6 5. Bg5 Bg7 6. Nf3 Nbd7 7. e4 fxe4 8. Nxe4 Nxe4 9. Qxe4 Nf6 10. Qc2 O-O 11. h3 Bf5 12. Bd3 Bxd3 13. Qxd3 Qd7 14. O-O c6 15. Rfe1 Rf7 16. Bd2 Nh5 17. Ng5 Rf6 18. Re2 h6 19. Ne4 Rf7 20. Rae1 Qf5 21. g4 Nf4 22. gxf5 Nxd3 23. fxg6 Rf3 24. Rb1 Bxd4 25. Kg2 Rf5 26. Ng3 Rxf2+ 27. Rxf2 Bxf2 28. Bxh6 Bxg3 29. Kxg3 Ne5 30. g7 Kh7 31. Bg5 Kxg7 32. Bxe7 Nxc4 33. b3 Nd2 34. Rd1 Ne4+ 35. Kf3 d5 36. h4 Kf7 37. Ba3 Rh8 38. Rh1 Rh5 39. Rh2 Kg6 40. Kg4 Nf6+ 41. Kf4 Rf5+ 42. Kg3 Kh5 43. Be7 Ne4+ 44. Kh3 Rf3+ 45. Kg2 Rf2+ 46. Kg1 Rxh2 47. Kxh2 Kg4 48. Kg2 Ng3 49. Kf2 Nf5 50. Bc5 a6 51. Ke2 Nxh4 52. Kd3 Kf5 53. Kc3 Ke6 54. Kb4 Kd7 55. Ka5 Nf5 56. Kb6 Kc8 57. a4 Ng3 58. b4 Ne4 59. Bd4 Nd6 60. Kc5 Kd7 61. Kb6 Kc8 62. Kc5 Nc4 63. b5 axb5 64. axb5 Kd7 65. Bc3 Nd6 66. bxc6+ bxc6 67. Be1 Ne4+ 68. Kb6 Kd6 69. Bh4 d4 70. Ka5 c5 0-1


[Site "https://www.chess.com"]

[Event "Titled Tuesday Blitz April 26 Early 2022"]
[White "Schekachikhin, Maksim"]
[Black "Chigaev, Maksim"]
[WhiteFideId "24177830"]
[BlackFideId "4108116"]
[WhiteElo "2230"]
[BlackElo "2478"]
[Result "0-1"]
[Round "02"]
[TimeControl "180+1"]
[Date "2022.04.26"]
[WhiteClock "0:00:21"]
[BlackClock "0:00:23"]

1. d4 Nf6 2. c4 g6 3. Nc3 Bg7 4. e4 d6 5. Be2 O-O 6. Nf3 e5 7. O-O exd4 8. Nxd4 Re8 9. f3 c6 10. Kh1 d5 11. exd5 cxd5 12. Bg5 Nc6 13. cxd5 Nxd4 14. Qxd4 Nxd5 15. Qxg7+ Kxg7 16. Bxd8 Nxc3 17. bxc3 Rxd8 18. Bc4 Bf5 19. g4 Rac8 20. Bb3 Bd3 21. Rfc1 Be2 22. Kg2 Rd3 23. Bd1 Bxd1 24. Rxd1 Rcxc3 25. Rxd3 Rxd3 26. Rb1 b6 27. Kg3 Ra3 28. Rb2 g5 29. Rf2 Kg6 30. h4 h5 31. hxg5 Kxg5 32. gxh5 Kxh5 33. Kf4 Kg6 34. Ke5 f6+ 35. Ke4 Ra4+ 36. Kd5 Kf5 37. Rh2 Ra5+ 38. Kc4 Kf4 39. Kb3 Kxf3 40. Rh6 f5 0-1


[Site "https://www.chess.com"]